 Dungeon Crawl Stone Soup version 0.30-a0-605-gb2882149bf (webtiles) character file.

Game seed: 14435326516718290849

98 wormed the Insei (level 4, -3/43 HPs)
             Began as an Octopode Transmuter on Jan 7, 2023.
             Slain by an orc
             ... wielding a +1 whip of electrocution
              (4 damage)
             ... on level 3 of the Dungeon.
             The game lasted 00:03:17 (2572 turns).

wormed the Insei (Octopode Transmuter)              Turns: 2572, Time: 00:03:17

Health: -3/43      AC: 22    Str:  9    XL:     4   Next: 71%
Magic:  5/7        EV:  2    Int: 17    God:
Gold:   179        SH:  0    Dex: 12    Spells: 4/7 levels left

rFire   . . .      SeeInvis .      - Unarmed
rCold   . . .      Faith    .    (no shield)
rNeg    . . .      Spirit   .    (helmet currently unavailable)
rPois   +          Reflect  .    (no amulet)
rElec   .          Harm     .    (no ring)
rCorr   .          Rampage  .    (no ring)
Will    .....      NoTele   +    (no ring)
Stlth   +                        (no ring)
HPRegen 0.27/turn                (no ring)
MPRegen 0.10/turn                (no ring)
                                 (no ring)
                                 (no ring)

@: tree-form, wereblooded
A: stationary, stasis, torment immunity, boosted hp, almost no armour,
(amphibious), 8 rings, (camouflage 1), (gelatinous body 1), (nimble swimmer 1),
(tentacles)
a: no special abilities


You were on level 3 of the Dungeon.
You were a tree.
You visited 1 branch of the dungeon, and saw 3 of its levels.

You collected 179 gold pieces.

Inventory:

Jewellery
 i - a ring of fire
Wands
 j - a wand of paralysis (6)
Scrolls
 c - a scroll of teleportation {unknown}
 f - 3 scrolls of blinking {unknown}
 h - a scroll of silence {unknown}
Potions
 b - 2 potions of attraction {unknown}
 d - 2 potions of haste {unknown}
 e - 2 potions of curing {unknown}
 g - 2 potions of flight {unknown}


   Skills:
 + Level 1.8 Fighting
 + Level 2.5 Dodging
 + Level 3.4 Unarmed Combat
 + Level 2.3 Spellcasting
 * Level 3.1 Transmutations
 + Level 1.1 Ice Magic


You had 4 spell levels left.
You knew the following spells:

 Your Spells              Type           Power      Damage    Failure   Level
a - Beastly Appendage     Tmut           24%        N/A       5%          1
b - Wereblood             Tmut           12%        N/A       8%          2

Your spell library contained the following spells:

 Spells                   Type           Power      Damage    Failure   Level
 Spider Form              Tmut/Pois      7%         N/A       30%         3
 Call Canine Familiar     Summ           1%         N/A       50%         3
 Portal Projectile        Hex/Tloc       2%         N/A       50%         3
 Ice Form                 Ice/Tmut       9%         N/A       61%         4
 Leda's Liquefaction      Hex/Erth       0%         N/A       88%         4


Dungeon Overview and Level Annotations

Branches:
Dungeon (3/15)

Altars:

Shops:
D:1 [   D:2 :


Innate Abilities, Weirdness & Mutations

You are a tree.
Your roots penetrate the ground, keeping you stationary.
You cannot be teleported.
You are immune to unholy pain and torment.
Your maximum health is greatly increased.
You cannot wear most types of armour.
((You are amphibious.))
You can wear up to eight rings at the same time.
((Your skin changes colour to match your surroundings (Stealth+).))
((Your rubbery body absorbs attacks. (AC +1, EV +1)))
((You are camouflaged when in or above water. (Stealth+)))
((You have tentacles for arms and can constrict up to eight enemies at once.))


Message History

You open the door.
There is an open door here.
There is an open door here.
You open the door.
There is an open door here.
Found a ring mail.
You see here a +0 ring mail.
A dart slug comes into view.
A dart slug is nearby!
A dart slug is nearby!
A dart slug is nearby!
Casting: Wereblood (safe; 8% risk of failure)
Confirm with . or Enter, or press ? or * to list all spells.
You miscast Beastly Appendage.
You are very lightly contaminated with residual magic.
Nothing appears to happen.
Casting: Beastly Appendage (safe; 5% risk of failure)
Confirm with . or Enter, or press ? or * to list all spells.
Your blood is infused with primal strength.
Found a scroll labelled LOCROH WOJU.
An orc comes into view.
It is wielding a +1 whip of electrocution.
The orc shouts!
You closely miss the orc. You grab the orc. You constrict the orc.
The orc hits you with a +1 whip of electrocution.
You are electrocuted!
Ouch! That really hurt!
* * * LOW HITPOINT WARNING * * *
Your magical contamination has completely faded away.
You tentacle-slap the orc but do no damage.
The orc is lightly wounded.
You constrict the orc.
The orc hits you with a +1 whip of electrocution.
* * * LOW HITPOINT WARNING * * *
The dart slug launches a dart at you. The slug dart hits you.
* * * LOW HITPOINT WARNING * * *
You turn into a tree.
Your roots penetrate the ground.
You lose your grip on the orc.
The orc hits you with a +1 whip of electrocution.
You die...

## #.##.## #.##
.# #.##.##. #.#
## #.#8.8#.. #.#
#
#.##.##..######.#
######.#
#......##.##
÷......#
#..#.#.#...#
########
#..........# #
+##..#.#.#...# #
......o♣.##.##
#####
#...##w####.#
....# # ... ..#
###.# ..... ###
....# #..###
###.## #?. .....#
#. ###..# #
.....#


You could see a dart slug and an orc.

Vanquished Creatures
  3 adders
  2 worms
  3 dart slugs
  5 orcs (D:3)
  12 ball pythons
  5 endoplasms
  4 goblins
  2 hobgoblins
  2 jackals (D:1)
  A kobold (D:1)
  7 bats
  2 frilled lizards (D:1)
  4 rats
52 creatures vanquished.

Notes
Turn   | Place    | Note
-------+----------+-------------------------------------------
     0 | D:1      | wormed the Octopode Transmuter began the quest for the Orb.
     0 | D:1      | Reached XP level 1. HP: 13/13 MP: 3/3
   106 | D:1      | Reached XP level 2. HP: 16/18 MP: 3/5
   120 | D:1      | Learned a level 2 spell: Wereblood
   292 | D:1      | Found Pulez's Antique Armour Shop.
   417 | D:1      | Reached XP level 3. HP: 16/23 MP: 2/6
  1107 | D:2      | Found a faded altar of an unknown god.
  1286 | D:2      | Found Afaceimu's Book Emporium.
  2076 | D:3      | Reached skill level 1 in Ice Magic
  2076 | D:3      | Reached XP level 4. HP: 22/29 MP: 3/7
  2571 | D:3      | HP: 1/29 [dart slug/slug dart (5)]
  2572 | D:3      | Slain by an orc

Illustrated notes

Levels and vault maps discovered:
D:1:      dpeg_arrival_lava_temple_mockup, layout_basic, serial_shops,
          nicolae_shop_temple_entry_statues_fountains, minmay_shallow_snake_nest
D:2:      layout_basic, serial_shops, shop, nicolae_ecumenical_snake_handling
D:3:      layout_loops_ring, minmay_misc_feat_secret_circle,
          minmay_misc_feat_rows, dk_noncrumbling_2, kennysheep_generic_room_8

Skill      XL: |  1  2  3  4 |
---------------+-------------+-----
Ice Magic      | 1 |  1.1
Transmutations | 3 |  3.1
Fighting       | |  1.8
Dodging        | |  2.5
Unarmed Combat | |  3.4
Spellcasting   | |  2.3

Action                   |  1- 3 |  4- 6 || total
-------------------------+-------+-------++-------
Melee: Unarmed           |    82 |    19 ||   101
       Kick              |    23 |     7 ||    30
       Constrict         |    21 |     5 ||    26
       Tentacles         |    12 |     2 ||    14
       Punch             |     2 |       ||     2
 Cast: Beastly Appendage |    23 |     2 ||    25
       Wereblood         |    20 |     3 ||    23
  Use: Potion            |       |     1 ||     1
 Stab: Sleeping          |     2 |       ||     2
Armor: Skin              |    10 |       ||    10
Dodge: Dodged            |    74 |     9 ||    83

Table legend: (Time is in decaauts)
 A = Elapsed time spent in this place.
 B = Non-inter-level travel time spent in this place.
 C = Inter-level travel time spent in this place.
 D = Time resting spent in this place.
 E = Time spent auto-exploring this place.
 F = Levels seen in this place.
 G = Mean time per level.
                   A        B        C        D        E       F      G
               +--------+--------+--------+--------+--------+-----+--------+
         Total |   2566 |   2543 |     23 |      0 |   2177 |   3 |  855.3 |
       Dungeon |   2566 |   2543 |     23 |      0 |   2177 |   3 |  855.3 |
               +--------+--------+--------+--------+--------+-----+--------+

Top non-repeatable levels by time:
     D:2: 1199 daAuts
     D:1: 819 daAuts
     D:3: 546 daAuts
